 Dungeon Crawl Stone Soup version 0.20.1-1-g8b1a95d (webtiles) character file.

1150 manon the Firebug (level 8, -7/43 HPs)
             Began as a Gargoyle Fire Elementalist on Nov 9, 2017.
             Mangled by an orc warrior
             ... wielding a +0 scimitar
              (15 damage)
             ... on level 6 of the Dungeon.
             The game lasted 00:31:18 (6462 turns).

manon the Firebug (Gargoyle Fire Elementalist)      Turns: 6462, Time: 00:31:19

Health: -7/43      AC:  9    Str: 12    XL:     8   Next: 38%
Magic:  6/15       EV: 11    Int: 18    God:
Gold:   219        SH:  0    Dex: 10    Spells: 8/16 levels left

rFire    . . .     SeeInvis .   b - +2 dagger (venom)
rCold    . . .     Gourm    .   (no shield)
rNeg     + . .     Faith    .   q - +0 leather armour
rPois    ∞         Spirit   .   (no helmet)
rElec    +         Reflect  .   (no cloak)
rCorr    .         Harm     .   u - +0 pair of gloves
MR       .....                  (no boots)
Stlth    ++........             (no amulet)
Regen    0.2/turn               (no ring)
MPRegen  0.2/turn               (no ring)

@: no status effects
A: negative energy resistance 1, electricity resistance, unbreathing,
petrification resistance, rot immunity, AC +5
a: no special abilities


You were on level 6 of the Dungeon.
You were not hungry.

You visited 1 branch of the dungeon, and saw 6 of its levels.

You collected 243 gold pieces.
You spent 24 gold pieces at shops.

Inventory:

Hand Weapons
 a - a +0 hunting sling
 b - a +2 dagger of venom (weapon)
 o - a +0 club
 s - a +0 mace
 w - a cursed +0 blowgun
 x - a +0 spear of chaos
 B - a +0 shortbow
Missiles
 g - 97 stones (quivered)
 k - 110 arrows
 l - 88 bolts
 y - 5 poisoned needles
 H - 25 sling bullets
Armour
 i - a +0 robe
 q - a +0 leather armour (worn)
 u - a +0 pair of gloves (worn)
 v - a +0 ring mail
 D - a +0 ring mail
 E - a cursed +0 leather armour
Jewellery
 z - an uncursed ring of fire {unknown}
Wands
 G - a wand of acid (5/15)
Scrolls
 f - a scroll of teleportation
 h - 3 scrolls of immolation
 m - 3 scrolls of identify {unknown}
 r - 3 scrolls of remove curse {unknown}
Potions
 e - a potion of ambrosia {unknown}
 p - a potion of flight {unknown}
 t - a potion of heal wounds {unknown}
 A - a potion of might {unknown}
 C - a potion of brilliance {unknown}
Books
 n - a book of Flames

   Spells                             Type                      Level
   a - Flame Tongue                   Conjuration/Fire             1
   b - Throw Flame                    Conjuration/Fire             2
   c - Conjure Flame                  Conjuration/Fire             3
   d - Inner Flame                    Hexes/Fire                   3
   e - Sticky Flame                   Conjuration/Fire             4
   f - Fireball                       Conjuration/Fire             5
 J - a book of Maledictions

   Spells                             Type                      Level
   a - Corona                         Hexes                        1
   b - Ensorcelled Hibernation        Hexes/Ice                    2
   c - Confuse                        Hexes                        3
   d - Tukima's Dance                 Hexes                        3
   e - Dazzling Spray                 Conjuration/Hexes            3
Comestibles
 c - 7 bread rations
 d - 4 meat rations
 j - 11 fruits
 F - a royal jelly


   Skills:
 - Level 1.0 Fighting
 - Level 3.8 Maces & Flails
 - Level 1.6 Dodging
 - Level 2.2 Stealth
 + Level 4.6 Spellcasting
 + Level 4.9 Conjurations
 + Level 6.1 Fire Magic
 + Level 1.0 Evocations


You had 8 spell levels left.
You knew the following spells:

 Your Spells              Type           Power        Failure   Level  Hunger
a - Flame Tongue          Conj/Fire      ###..        1%          1    None
c - Conjure Flame         Conj/Fire      ###.....     5%          3    ###....
s - Sticky Flame          Conj/Fire      ###.....     17%         4    ####...


Dungeon Overview and Level Annotations

Branches:
Dungeon (6/15)
 Temple: D:4-7

Altars:
Ashenzari
Trog
Xom
The Shining One

Shops:
D:4 =


Innate Abilities, Weirdness & Mutations

You are resistant to torment.
Your stone body is resilient. (AC +5)
You are immune to poison.
You resist negative energy. (rN+)
You are resistant to electric shocks. (rElec)
You can survive without breathing.
You are immune to petrification.
You are immune to rotting.


Message History

The flame tongue hits the orc warrior.
The orc warrior is almost dead.
The orc warrior misses you.
Casting: Flame Tongue
Confirm with . or Enter, or press ? or * to list all spells.
Aiming: Flame Tongue
Press: ? - help, Shift-Dir - straight line, f/p - orc warrior
Aim: an orc warrior, wielding a scimitar and wearing a chain mail (almost dead)
The flame tongue hits the orc warrior.
The orc warrior appears unharmed.
The orc warrior is almost dead.
The orc warrior hits you with a scimitar!
* * * LOW HITPOINT WARNING * * *
Casting: Flame Tongue
Confirm with . or Enter, or press ? or * to list all spells.
Aiming: Flame Tongue
Press: ? - help, Shift-Dir - straight line, f/p - orc warrior
Aim: an orc warrior, wielding a scimitar and wearing a chain mail (almost dead)
The flame tongue misses the orc warrior.
The orc warrior hits you with a scimitar!
You die...

#)# #.#
#.# #.#
#.# # #.#
.# #.# #.#
#.######.#
#....@oo#
#######.#
#!# #.#
#.# #.#
#o# #.#
#.#


You could see an orc warrior and an orc.

Vanquished Creatures
  2 eyes of draining (D:4)
  An ogre (D:4)
  2 centaurs (D:5)
  2 scorpions
  A wyvern skeleton (D:4)
  A bullfrog zombie (D:4)
  2 jellies (D:5)
  2 hounds
  A bullfrog skeleton (D:4)
  2 orc priests (D:3)
  An orc wizard (D:6)
  A hound skeleton (D:5)
  2 worker ant zombies (D:5)
  5 gnolls
  A howler monkey skeleton (D:4)
  7 adders
  3 shadow imps
  An adder zombie (D:5)
  2 worms
  5 dart slugs
  4 leopard geckos
  12 orcs
  5 bats
  7 giant cockroaches
  16 goblins
  5 hobgoblins
  4 jackals
  14 kobolds
  3 quokkas
  10 frilled lizards
  6 rats
130 creatures vanquished.

Notes
Turn   | Place    | Note
-------+----------+-------------------------------------------
     0 | D:1      | manon the Gargoyle Fire Elementalist began the quest for the Orb.
     0 | D:1      | Reached XP level 1. HP: 10/10 MP: 3/3
   221 | D:1      | Reached XP level 2. HP: 14/15 MP: 1/5
   705 | D:1      | Reached XP level 3. HP: 18/19 MP: 6/6
  1092 | D:2      | Found a glowing golden altar of the Shining One.
  1799 | D:2      | Reached skill level 1 in Maces & Flails
  1827 | D:2      | Reached XP level 4. HP: 22/24 MP: 3/7
  2310 | D:3      | Reached skill level 1 in Fighting
  2310 | D:3      | Reached skill level 4 in Fire Magic
  2310 | D:3      | Reached XP level 5. HP: 13/29 MP: 6/8
  2388 | D:3      | Learned a level 3 spell: Conjure Flame
  3122 | D:3      | Reached XP level 6. HP: 34/34 MP: 10/10
  3786 | D:4      | Found Nineuty's Jewellery Shop.
  3798 | D:4      | Bought a cursed amulet of inaccuracy for 24 gold pieces
  4073 | D:4      | Reached skill level 5 in Fire Magic
  4316 | D:4      | Reached XP level 7. HP: 29/38 MP: 10/12
  4570 | D:4      | Found a bloodstained altar of Trog.
  4806 | D:4      | Learned a level 4 spell: Sticky Flame
  5210 | D:4      | Found a shimmering altar of Xom.
  5354 | D:5      | Entered Level 5 of the Dungeon
  5534 | D:5      | Found a shattered altar of Ashenzari.
  5544 | D:5      | Reached XP level 8. HP: 27/43 MP: 5/14
  5986 | D:5      | Reached skill level 6 in Fire Magic
  6057 | D:5      | Reached skill level 1 in Evocations
  6462 | D:6      | Mangled by an orc warrior

Skill      XL: |  1  2  3  4  5  6  7  8 |
---------------+-------------------------+-----
Conjurations   | 2 3 4 |  4.9
Maces & Flails | 1 2 3 |  3.8
Fighting       | 1 |  1.0
Fire Magic     | 4 5 6 |  6.1
Spellcasting   | 3 4 |  4.6
Evocations     | 1 |  1.0
Dodging        | |  1.6
Stealth        | |  2.2

Action                   |  1- 3 |  4- 6 |  7- 9 || total
-------------------------+-------+-------+-------++-------
Melee: Mace              |    85 |       |       ||    85
       Club              |     9 |       |       ||     9
       Dagger            |    14 |   103 |   113 ||   230
       Spear             |       |     5 |     3 ||     8
 Fire: Hunting sling     |       |    70 |    64 ||   134
Throw: Stone             |     2 |     2 |       ||     4
 Cast: Flame Tongue      |    37 |    33 |    43 ||   113
       Conjure Flame     |       |     1 |     8 ||     9
  Use: Scroll            |       |     2 |       ||     2
 Stab: Sleeping          |     1 |     2 |       ||     3
  Eat: Chunk             |     4 |     7 |     7 ||    18
       Fruit             |       |     1 |       ||     1
Armor: Robe              |    21 |       |       ||    21
       Leather armour    |    30 |    41 |    42 ||   113
Dodge: Dodged            |    80 |    80 |    54 ||   214
